 Dungeon Crawl Stone Soup version 0.31-a0-986-g5e6e4ef867 (webtiles) character file.

Game seed: 8623474073609982761

9034 jlumianski the Grappler (level 11, -3/74 HPs)
             Began as a Gnoll Shapeshifter on Nov 23, 2023.
             Was an Elder of Okawaru.
             Slain by an unseen horror (9 damage)
             ... on level 10 of the Dungeon on Nov 24, 2023.
             The game lasted 00:50:53 (10496 turns).

jlumianski the Grappler (Gnoll Shapeshifter)       Turns: 10496, Time: 00:50:54

Health: -3/74      AC:  8    Str: 16    XL:     11   Next: 40%
Magic:  19/20      EV: 13    Int: 20    God:    Okawaru [****..]
Gold:   324        SH:  0    Dex: 11    Spells: 14/22 levels left

rFire   . .          .
                       - Unarmed
rCold   . . .        (no shield)
rNeg    . . .        S - +2 ring mail {rPois}
rPois   +            (helmet currently unavailable)
rElec   .            (cloak currently unavailable)
rCorr   .            (gloves currently unavailable)
SInv    .            (boots currently unavailable)
Will    .....        R - amulet of regeneration
Stlth   ++           X - ring of flight
HPRegen 1.12/turn    a - +6 ring of intelligence
MPRegen 0.17/turn

%: no passive effects
@: beast-form, flying
A: beast (slay +4), fangs 1, strong nose, distributed training, clever 1, frail
1
a: Begin Untransformation, Renounce Religion, Heroism, Finesse


You were on level 10 of the Dungeon.
You worshipped Okawaru.
Okawaru was greatly pleased with you.
You were a hulking beast.
You visited 1 branch of the dungeon, and saw 10 of its levels.

You collected 436 gold pieces.
You spent 112 gold pieces at shops.

Inventory:

Hand Weapons
 p - a +7 great sword
 r - a +0 sling
 E - a +4 quarterstaff of chaos
 P - a +0 rapier
 U - a +0 orcbow
 V - a +2 short sword of draining
Missiles
 i - 25 poisoned darts (quivered)
 C - 12 atropa-tipped darts
 D - 6 boomerangs
 H - 9 javelins
 T - 7 silver javelins
 W - 4 throwing nets
 Z - a curare-tipped dart
Armour
 n - a +0 chain mail
 q - a +0 helmet
 v - a +1 leather armour of cold resistance
 F - a +1 cloak of poison resistance
 G - a scarf of resistance
 K - +0 steam dragon scales
 Q - a +0 plate armour
 S - a +2 ring mail of poison resistance (worn)
Magical Staves
 z - a staff of fire
Jewellery
 a - a +6 ring of intelligence (right hand)
 w - an amulet of magic regeneration
 R - an amulet of regeneration (around neck)
 X - a ring of flight (left hand)
Talismans
 c - a beast talisman
 d - a flux talisman
 Y - a serpent talisman
Wands
 h - a wand of roots (6)
 t - a wand of flame (32)
 y - a wand of mindburst (9)
 I - a wand of paralysis (14)
Scrolls
 e - 2 scrolls of fear
 g - 2 scrolls of enchant weapon
 k - a scroll of immolation
 l - 2 scrolls of teleportation
 m - a scroll of blinking
 o - 2 scrolls of revelation
 u - a scroll of fog
 x - a scroll of vulnerability {unknown}
 A - 2 scrolls of poison
 J - a scroll of amnesia {unknown}
 O - a scroll of noise {unknown}
Potions
 b - 4 potions of lignification
 f - 2 potions of heal wounds
 j - a potion of curing
 s - a potion of ambrosia {unknown}
 B - a potion of resistance
 L - 2 potions of mutation
 M - a potion of degeneration {unknown}
 N - a potion of brilliance {unknown}


   Skills:
 + Level 6.9 Fighting
 + Level 6.3 Short Blades
 + Level 6.3 Long Blades
 + Level 6.3 Axes
 + Level 6.3 Maces & Flails
 + Level 6.3 Polearms
 + Level 6.3 Staves
 + Level 6.3 Ranged Weapons
 + Level 6.3 Throwing
 + Level 6.3 Armour
 + Level 7.9 Dodging
 + Level 6.3 Stealth
 + Level 6.3 Shields
 + Level 9.2 Unarmed Combat
 + Level 6.3 Spellcasting
 + Level 5.3 Conjurations
 + Level 5.3 Hexes
 + Level 5.3 Summonings
 + Level 5.3 Necromancy
 + Level 5.3 Translocations
 + Level 5.3 Transmutations
 + Level 5.3 Fire Magic
 + Level 5.3 Ice Magic
 + Level 5.3 Air Magic
 + Level 5.3 Earth Magic
 + Level 5.3 Poison Magic
 + Level 7.0 Invocations
 + Level 6.3 Evocations
 + Level 8.8 Shapeshifting


You had 14 spell levels left.
You knew the following spells:

 Your Spells              Type           Power      Damage    Failure   Level
a - Freeze                Ice            100%       1d10      1%          1
b - Blink                 Tloc           54%        N/A       3%          2
c - Wereblood             Tmut           27%        N/A       3%          2
d - Frozen Ramparts       Ice            54%        1d9       6%          3

Your spell library contained the following spells:

 Spells                   Type           Power      Damage    Failure   Level
 Kiss of Death            Conj/Necr      100%       2d13      1%          1
 Sublimation of Blood     Necr           27%        N/A       3%          2
 Confusing Touch          Hex            27%        N/A       6%          3
 Hailstorm                Conj/Ice       27%        3d7       6%          3
 Cause Fear               Hex            13%        N/A       21%         4
 Dispel Undead            Necr           27%        3d13      21%         4
 Manifold Assault         Tloc           27%        N/A       21%         4
 Fireball                 Conj/Fire      13%        3d7       50%         5
 Summon Hydra             Summ           Unusable   N/A       N/A         7
 Dragon's Call            Summ           Unusable   N/A       N/A         9

Dungeon Overview and Level Annotations

Branches:
Dungeon (10/15)            Temple (0/1) D:4
   Lair: D:8-11         Orc: D:9-12

Altars:
Cheibriados
Fedhas
Kikubaaqudgha
Nemelex Xobeh
Okawaru
Qazlal
Ru
Trog
Uskayaw
Yredelemnul
The Shining One

Shops:
D:4 (

Annotations:
D:9 2 transporters, jasper's ghost, novice SpSh


Innate Abilities, Weirdness & Mutations

You are a hulking beast.
Your limbs bulge with bestial killing power. (Slay +4)
You have very sharp teeth.
Your uncanny sense of smell can sniff out nearby items.
Your experience applies equally to all skills.
Your mind is acute. (Int +4, Str/Dex -1)
You are frail. (-10% HP)


Message History

Something hits you. x2
Something hits you.
You hit something. Something hits you.
You hit something. Something hits you. x2
You hit something. You bite something. Something hits you. Something hits you.
You closely miss something. Something hits you but does no damage.
Something hits you.
You miss something. You bite something. Something hits you! Something hits you.
Something hits you but does no damage.
Casting: Frozen Ramparts (dangerous; 6% risk of failure)
Confirm with . or Enter, or press ? or * to list all spells.
Casting: Frozen Ramparts (dangerous; 6% risk of failure)
Press: ? - help, Dir - look around, f - activate The walls around you are covered in ice.
The wall freezes something but does no damage.
Something hits you!
The wall freezes something but does no damage.
Something hits you but does no damage.
The wall freezes something.
Something hits you.
* * * LOW HITPOINT WARNING * * *
The wall freezes something.
Something hits you!
* * * LOW HITPOINT WARNING * * *
The wall freezes something.
Something barely misses you.
The wall freezes something but does no damage.
Something hits you.
* * * LOW HITPOINT WARNING * * *
Something hits you.
* * * LOW HITPOINT WARNING * * *
Something hits you but does no damage. Something hits you!
* * * LOW HITPOINT WARNING * * *
The frozen ramparts melt away.
Something hits you.
* * * LOW HITPOINT WARNING * * *
Something hits you.
* * * LOW HITPOINT WARNING * * *
Something hits you but does no damage. Something hits you but does no damage.
Something hits you!
You die...

######## ############
.......##### #..........#
.......'...###...<......+
.......###...'..........#
.......# #####^.h.......#
.......# #..........# #####'##
#..........# #.....# #######+####
#.##### #.# #'##### ########
......# ##+###########...[..<
......#######...........##.......


There were no monsters in sight!

Vanquished Creatures
  A two-headed ogre (D:10)
  A tengu warrior (D:9)
  Urug (D:10)
  A deep elf pyromancer (D:9)
  A tengu conjurer (D:9)
  A troll (D:9)
  A hornet (D:7)
  Grinder (D:5)
  Sigmund (D:5)
  2 wyverns
  8 yaks (D:9)
  4 vampire mosquitoes (D:9)
  4 steam dragons
  The ghost of ShellytheWitch the Sneak, an amateur KoBr (D:3)
  A water moccasin (D:6)
  3 black bears
  A hornet zombie (D:8)
  An ice beast (D:7)
  4 centaurs
  A phantom (D:5)
  2 kobold brigands
  3 bullfrogs
  2 wyvern zombies (D:8)
  4 wights
  8 killer bees
  2 howler monkeys (D:7)
  8 crimson imps (D:7)
  4 centaur zombies (D:8)
  2 hounds (D:5)
  3 jellies
  Crazy Yiuf (D:3)
  4 orc priests
  A gnoll bouda (D:9)
  3 iguanas
  2 sleepcaps (D:6)
  2 orc wizards (D:5)
  Ijyb (D:3)
  A killer bee zombie (D:8)
  Robin (D:3)
  13 gnolls
  9 adders
  A shadow imp (D:7)
  A white imp (D:5)
  4 worms
  3 dart slugs
  13 orcs
  5 bats
  5 bat skeletons (D:9)
  A bat zombie (D:9)
  6 endoplasms
  A giant cockroach (D:4)
  13 goblins
  11 hobgoblins
  4 jackals (D:5)
  2 quokkas
  9 ball pythons
  6 frilled lizards
  16 kobolds
  4 rats
220 creatures vanquished.

Notes
Turn   | Place    | Note
-------+----------+-------------------------------------------
     0 | D:1      | jlumianski the Gnoll Shapeshifter began the quest for the
                  | Orb.
     0 | D:1      | Reached XP level 1. HP: 17/17 MP: 1/1
   111 | D:1      | Reached XP level 2. HP: 23/23 MP: 2/2
   174 | D:2      | Found an iron altar of Okawaru.
   183 | D:2      | Became a worshipper of Warmaster Okawaru
   718 | D:1      | Reached XP level 3. HP: 28/28 MP: 3/3
   863 | D:2      | Found a faded altar of an unknown god.
  1210 | D:3      | Reached skill level 1 in Invocations
  1254 | D:3      | Found a snail-covered altar of Cheibriados.
  1262 | D:3      | Reached skill level 1 in Short Blades
  1262 | D:3      | Reached skill level 1 in Long Blades
  1262 | D:3      | Reached skill level 1 in Axes
  1262 | D:3      | Reached skill level 1 in Maces & Flails
  1262 | D:3      | Reached skill level 1 in Polearms
  1262 | D:3      | Reached skill level 1 in Staves
  1262 | D:3      | Reached skill level 1 in Ranged Weapons
  1262 | D:3      | Reached skill level 1 in Throwing
  1262 | D:3      | Reached skill level 1 in Armour
  1262 | D:3      | Reached skill level 1 in Stealth
  1262 | D:3      | Reached skill level 1 in Shields
  1262 | D:3      | Reached skill level 1 in Spellcasting
  1262 | D:3      | Reached skill level 1 in Evocations
  1283 | D:3      | Found a runed translucent gate.
  1283 | D:3      | Found a runed translucent gate.
  1283 | D:3      | Found a runed translucent gate.
  1310 | D:3      | Found a hide-covered altar of Uskayaw.
  1326 | D:3      | Reached XP level 4. HP: 28/34 MP: 5/5
  1506 | D:3      | Noticed Robin
  1519 | D:3      | Killed Robin
  1520 | D:3      | Reached skill level 1 in Conjurations
  1520 | D:3      | Reached skill level 1 in Hexes
  1520 | D:3      | Reached skill level 1 in Summonings
  1520 | D:3      | Reached skill level 1 in Necromancy
  1520 | D:3      | Reached skill level 1 in Translocations
  1520 | D:3      | Reached skill level 1 in Transmutations
  1520 | D:3      | Reached skill level 1 in Fire Magic
  1520 | D:3      | Reached skill level 1 in Ice Magic
  1520 | D:3      | Reached skill level 1 in Air Magic
  1520 | D:3      | Reached skill level 1 in Earth Magic
  1520 | D:3      | Reached skill level 1 in Poison Magic
  1936 | D:3      | Noticed Ijyb
  1950 | D:3      | Killed Ijyb
  1951 | D:3      | Reached XP level 5. HP: 38/40 MP: 5/7
  2212 | D:3      | Found a runed translucent door.
  2213 | D:3      | Noticed Crazy Yiuf
  2302 | D:3      | Noticed ShellytheWitch's ghost (amateur KoBr)
  2509 | D:5      | Entered Level 5 of the Dungeon
  2509 | D:5      | Found a glowing golden altar of the Shining One.
  2568 | D:4      | Reached * piety under Okawaru
  2649 | D:5      | Reached XP level 6. HP: 42/47 MP: 8/8
  2710 | D:4      | Noticed a black bear
  2719 | D:4      | Killed a black bear
  2720 | D:4      | Reached skill level 5 in Dodging
  2749 | D:4      | Found a staircase to the Ecumenical Temple.
  3321 | D:5      | Noticed Grinder
  3331 | D:5      | Killed Grinder
  3331 | D:5      | Reached ** piety under Okawaru
  3332 | D:5      | Reached skill level 7 in Unarmed Combat
  3332 | D:5      | Reached XP level 7. HP: 26/52 MP: 10/10
  3940 | D:5      | Noticed Sigmund
  3947 | D:5      | Killed Sigmund
  3969 | D:5      | Reached XP level 8. HP: 17/60 MP: 12/12
  4599 | D:5      | Found a stormy altar of Qazlal.
  5084 | D:4      | Found Zixoocescha's Weapon Boutique.
  5092 | D:4      | Bought 3 atropa-tipped darts for 37 gold pieces
  5092 | D:4      | Bought 6 atropa-tipped darts for 75 gold pieces
  5738 | D:3      | Killed ShellytheWitch's ghost
  5849 | D:3      | Killed Crazy Yiuf
  6043 | D:6      | Found a bloodstained altar of Trog.
  6338 | D:6      | Found a blossoming altar of Fedhas.
  6349 | D:5      | Reached *** piety under Okawaru
  6504 | D:5      | Learned a level 1 spell: Freeze
  6789 | D:6      | Reached XP level 9. HP: 18/66 MP: 14/14
  6819 | D:6      | Learned a level 2 spell: Blink
  7414 | D:7      | Reached skill level 5 in Fighting
  7756 | D:7      | Reached **** piety under Okawaru
  7822 | D:7      | Reached skill level 8 in Unarmed Combat
  7857 | D:8      | Reached skill level 5 in Invocations
  8289 | D:7      | Learned a level 2 spell: Wereblood
  8555 | D:7      | Noticed a hornet
  8564 | D:7      | Killed a hornet
  8565 | D:7      | Reached skill level 5 in Short Blades
  8565 | D:7      | Reached skill level 5 in Long Blades
  8565 | D:7      | Reached skill level 5 in Axes
  8565 | D:7      | Reached skill level 5 in Maces & Flails
  8565 | D:7      | Reached skill level 5 in Polearms
  8565 | D:7      | Reached skill level 5 in Staves
  8565 | D:7      | Reached skill level 5 in Ranged Weapons
  8565 | D:7      | Reached skill level 5 in Throwing
  8565 | D:7      | Reached skill level 5 in Armour
  8565 | D:7      | Reached skill level 5 in Stealth
  8565 | D:7      | Reached skill level 5 in Shields
  8565 | D:7      | Reached skill level 5 in Spellcasting
  8565 | D:7      | Reached skill level 5 in Evocations
  8565 | D:7      | Reached XP level 10. HP: 76/76 MP: 17/17
  8656 | D:7      | Found a sacrificial altar of Ru.
  8830 | D:8      | Found a basalt altar of Yredelemnul.
  9226 | D:9      | Gained mutation: You occasionally shout uncontrollably at
                  | your foes. [potion of mutation]
  9226 | D:9      | Gained mutation: You are partially covered in iridescent
                  | scales. (AC +2) [potion of mutation]
  9226 | D:9      | Gained mutation: You expend magic power (3 MP) to
                  | strengthen your wands. [potion of mutation]
  9227 | D:9      | Lost mutation: You expend magic power (3 MP) to strengthen
                  | your wands. [potion of mutation]
  9227 | D:9      | Lost mutation: You occasionally shout uncontrollably at
                  | your foes. [potion of mutation]
  9227 | D:9      | Lost mutation: You are partially covered in iridescent
                  | scales. (AC +2) [potion of mutation]
  9227 | D:9      | Gained mutation: You are frail. (-10% HP) [potion of
                  | mutation]
  9227 | D:9      | Gained mutation: Your mind is acute. (Int +4, Str/Dex -1)
                  | [potion of mutation]
  9232 | D:9      | Learned a level 3 spell: Frozen Ramparts
  9256 | D:9      | Found a transporter.
  9256 | D:9      | Noticed a two-headed ogre
  9258 | D:9      | Identified the +6 dire flail of Dissatisfaction {heavy, rF+
                  | rC+ Will- Int+2}
  9258 | D:9      | Noticed a two-headed ogre
  9258 | D:9      | Noticed jasper's ghost (novice SpSh)
  9260 | D:9      | Noticed a two-headed ogre
  9260 | D:9      | Noticed a two-headed ogre
  9263 | D:9      | Found a transporter.
  9268 | D:9      | Noticed a deep elf pyromancer
  9290 | D:9      | Killed a deep elf pyromancer
  9307 | D:9      | Found a sparkling altar of Nemelex Xobeh.
  9378 | D:9      | Found an ancient bone altar of Kikubaaqudgha.
  9407 | D:9      | Noticed Erolcha
  9501 | D:9      | Reached ***** piety under Okawaru
  9629 | D:9      | Received a gift from Okawaru
  9784 | D:10     | Entered Level 10 of the Dungeon
  9798 | D:9      | Reached XP level 11. HP: 53/74 MP: 19/19
  9859 | D:9      | Reached skill level 9 in Unarmed Combat
  9862 | D:9      | Reached skill level 5 in Conjurations
  9862 | D:9      | Reached skill level 5 in Hexes
  9862 | D:9      | Reached skill level 5 in Summonings
  9862 | D:9      | Reached skill level 5 in Necromancy
  9862 | D:9      | Reached skill level 5 in Translocations
  9862 | D:9      | Reached skill level 5 in Transmutations
  9862 | D:9      | Reached skill level 5 in Fire Magic
  9862 | D:9      | Reached skill level 5 in Ice Magic
  9862 | D:9      | Reached skill level 5 in Air Magic
  9862 | D:9      | Reached skill level 5 in Earth Magic
  9862 | D:9      | Reached skill level 5 in Poison Magic
  9933 | D:9      | Noticed a tengu warrior
  9945 | D:9      | Killed a tengu warrior
 10158 | D:10     | Noticed Urug
 10312 | D:10     | Killed Urug
 10375 | D:10     | Noticed a two-headed ogre
 10393 | D:10     | Killed a two-headed ogre
 10496 | D:10     | Slain by an unseen horror

Illustrated notes

Levels and vault maps discovered:
D:1:      mainiacjoe_arrival_oval_in_oval, layout_basic
D:2:      layout_loops_ring, basic_altar, ebering_ecumenical_altar_mist
D:3:      layout_loops_ring, mainiacjoe_overflow_chevrons, slow_altar_1,
          ebering_ghost_rock_garden, uniq_crazy_yiuf_cottage, uniq_robin,
          uniq_ijyb
D:4:      layout_layer_cave, minmay_temple_entry_proselytizer, serial_shops,
          shop
D:5:      layout_basic, mainiacjoe_overflow_paths, mainiacjoe_overflow_alcove_4,
          nicolae_underground_beach, uniq_grinder, uniq_sigmund
D:6:      layout_basic, mainiacjoe_overflow_alcove_2, general_overflow_altar
D:7:      layout_loops_ring, nicolae_ru_the_path_less_chosen, enter_bailey_2,
          minmay_nine_imps
D:8:      layout_basic, nicolae_yredelemnul_corpse_copse,
          mainiacjoe_overflow_tiny_flanked
D:9:      layout_cave_pools, kennysheep_vampire_church,
          nemelex_xobeh_ov_fountains_minmay, gammafunk_ghost_smash, uniq_erolcha
D:10:     layout_roguey, uniq_maggie, uniq_urug

Skill      XL: |  1  2  3  4  5  6  7  8  9 10 11 |
---------------+----------------------------------+-----
Invocations    | 1 2 3 4 5 6 7 |  7.0
Short Blades   | 1 2 3 5 6 |  6.3
Long Blades    | 1 2 3 5 6 |  6.3
Axes           | 1 2 3 5 6 |  6.3
Maces & Flails | 1 2 3 5 6 |  6.3
Polearms       | 1 2 3 5 6 |  6.3
Staves         | 1 2 3 5 6 |  6.3
Ranged Weapons | 1 2 3 5 6 |  6.3
Throwing       | 1 2 3 5 6 |  6.3
Armour         | 1 2 3 5 6 |  6.3
Stealth        | 1 2 3 5 6 |  6.3
Shields        | 1 2 3 5 6 |  6.3
Spellcasting   | 1 2 3 5 6 |  6.3
Evocations     | 1 2 3 5 6 |  6.3
Conjurations   | 1 2 3 4 5 |  5.3
Hexes          | 1 2 3 4 5 |  5.3
Summonings     | 1 2 3 4 5 |  5.3
Necromancy     | 1 2 3 4 5 |  5.3
Translocations | 1 2 3 4 5 |  5.3
Transmutations | 1 2 3 4 5 |  5.3
Fire Magic     | 1 2 3 4 5 |  5.3
Ice Magic      | 1 2 3 4 5 |  5.3
Air Magic      | 1 2 3 4 5 |  5.3
Earth Magic    | 1 2 3 4 5 |  5.3
Poison Magic   | 1 2 3 4 5 |  5.3
Fighting       | 3 4 5 6 |  6.9
Dodging        | 5 6 7 |  7.9
Unarmed Combat | 7 8 9 |  9.2
Shapeshifting  | 7 8 |  8.8

Action                     |  1- 3 |  4- 6 |  7- 9 | 10-12 || total
---------------------------+-------+-------+-------+-------++-------
  Melee: Unarmed           |    65 |   119 |   258 |   243 ||   685
         Bite              |     5 |     9 |    38 |    30 ||    82
         Punch             |     2 |     7 |     6 |    17 ||    32
  Throw: Dart              |       |     5 |    14 |    11 ||    30
   Cast: Freeze            |       |       |     3 |       ||     3
         Wereblood         |       |       |       |     9 ||     9
         Frozen Ramparts   |       |       |       |     7 ||     7
 Invoke: Heroism           |       |       |       |     6 ||     6
         Finesse           |       |       |       |     2 ||     2
  Evoke: Wand              |       |     1 |     3 |     1 ||     5
    Use: Scroll            |       |       |    10 |     1 ||    11
         Potion            |       |       |     2 |     4 ||     6
   Stab: Sleeping          |       |       |     2 |     2 ||     4
         Distracted        |       |       |     1 |       ||     1
 Armour: Ring mail         |    22 |    59 |   130 |   268 ||   479
         Animal skin       |     1 |       |       |       ||     1
         Skin              |       |       |    17 |       ||    17
         Steam dragon scal |       |       |    48 |       ||    48
  Dodge: Dodged            |    27 |    64 |   167 |   237 ||   495

Table legend: (Time is in decaauts)
 A = Elapsed time spent in this place.
 B = Non-inter-level travel time spent in this place.
 C = Inter-level travel time spent in this place.
 D = Time resting spent in this place.
 E = Time spent auto-exploring this place.
 F = Levels seen in this place.
 G = Mean time per level.
                   A        B        C        D        E       F      G
               +--------+--------+--------+--------+--------+-----+--------+
         Total |  10400 |  10032 |    368 |   1226 |   4678 |  10 | 1040.0 |
       Dungeon |  10400 |  10032 |    368 |   1226 |   4678 |  10 | 1040.0 |
               +--------+--------+--------+--------+--------+-----+--------+

Top non-repeatable levels by time:
     D:5: 1994 daAuts
     D:4: 1414 daAuts
     D:6: 1280 daAuts
     D:3: 1267 daAuts
     D:7: 1214 daAuts
     D:9: 1042 daAuts
     D:1: 785 daAuts
     D:2: 686 daAuts
     D:8: 515 daAuts
    D:10: 198 daAuts
